Map: Omicrón

Players

Shadowphobia - Winner!

  • Race: Protoss Protoss
  • Spawn Location: 9:00

xXkazperXx - Winner!

  • Race: Terran Terran
  • Spawn Location: 7:00

RANURA DE IA (Media)

  • Race: Zerg Zerg
  • Spawn Location: 1:00

RANURA DE IA (Media)

  • Race: Zerg Zerg
  • Spawn Location: 3:00

VOD

Have the link to the VOD?

Description

Time

  • Played on: Nov. 26, 2015, 10:58 p.m.
  • Length: 22:32
Show
View Real Time Build Order
Export as new Build Order

Shadowphobia Protoss - Winner!

Build Orders:  

Get SALT Encoding   

  12  0:03  Probe (Chrono Boost)  
  13  0:16  Pylon  
  13  0:22  Assimilator  
  13  0:41  Pylon  
  13  0:44  Assimilator  
  13  0:46  Probe (Chrono Boost)  
  15  0:57  Probe (Chrono Boost)  
  15  1:07  Probe (Chrono Boost)  
  16  1:18  Probe (Chrono Boost)  
  17  1:28  Probe (Chrono Boost)  
  17  1:29  Pylon  
  18  1:35  Pylon  
  18  1:39  Probe (Chrono Boost)  
  19  1:49  Probe (Chrono Boost)  
  19  1:53  Pylon  
  20  2:00  Probe (Chrono Boost)  
  21  2:04  Pylon  
  21  2:10  Probe (Chrono Boost)  
  22  2:21  Probe (Chrono Boost)  
  23  2:24  Gateway  
  23  2:32  Probe (Chrono Boost)  
  24  2:42  Probe (Chrono Boost)  
  25  2:56  Forge  
  25  3:03  Gateway  
  25  3:06  Gateway  
  25  3:07  Gateway  
  25  3:13  Gateway  
  25  3:35  Pylon  
  25  3:43  Zealot  
  27  3:58  Photon Cannon  
  27  4:00  Photon Cannon  
  27  4:05  Photon Cannon  
  27  4:10  Zealot  
  27  4:13  Photon Cannon  
  29  4:33  Cybernetics Core  
  29  4:37  Zealot  
  31  4:40  Gateway  
  31  5:22  Stargate  
  31  5:27  Twilight Council  
  31  5:36  Warp Gate (Chrono Boost)  
  31  5:41  Mothership Core  
  31  6:10  Void Ray  
  35  6:46  Charge  
  35  6:53  Void Ray  
  39  7:16  Protoss Air Weapons Level 1 (Chrono Boost)  
  39  7:31  Protoss Shields Level 1 (Chrono Boost)  
  39  7:35  Void Ray  
  43  8:18  Void Ray  
  47  8:26  Blink  
  47  8:31  Stalker x2  
  47  8:32  Stalker x2  
  47  8:33  Stalker x2  
  59  9:01  Void Ray  
  63  9:06  Protoss Air Armor Level 1  
  63  9:08  Nexus, Assimilator  
  63  9:11  Assimilator  
  63  9:14  Protoss Ground Armor Level 1 (Chrono Boost)  
  63  9:23  Pylon  
  63  10:17  Nexus  
  63  10:25  Probe  
  64  10:35  Probe  
  64  10:36  Assimilator  
  65  10:46  Probe  
  66  10:53  Protoss Ground Weapons Level 1 (Chrono Boost)  
  66  10:56  Probe  
  66  11:04  Void Ray  
  71  11:07  Probe  
  72  11:17  Probe  
  73  11:46  Void Ray  
  77  12:06  Probe  
  78  12:17  Probe  
  78  12:20  Probe  
  80  12:27  Probe, Assimilator  
  81  12:31  Probe  
  82  12:38  Probe  
  82  12:41  Probe  
  80  12:48  Probe  
  81  12:52  Probe  
  82  13:02  Probe  
  77  13:55  Probe  
  78  14:04  Mothership Core  
  80  14:11  Stalker x3  
  80  14:12  Stalker x2  
  80  14:13  Stalker  
  80  14:16  Void Ray  
  96  14:25  Fleet Beacon  
  96  14:50  Probe  
  97  14:59  Void Ray  
  101  15:00  Probe  
  102  15:08  Protoss Shields Level 2 (Chrono Boost)  
  102  15:09  Protoss Air Weapons Level 2  
  102  15:26  Stalker x2  
  102  15:27  Stalker  
  108  15:59  Pylon  
  108  16:02  Pylon  
  108  16:05  Pylon  
  108  16:08  Pylon  
  108  16:14  Pylon  
  108  16:17  Void Ray  
  108  16:18  Pylon  
  118  16:25  Pylon  
  118  16:29  Pylon  
  118  16:33  Pylon  
  118  16:35  Stalker  
  118  16:36  Stalker x2  
  118  16:37  Stalker  
  118  16:39  Stalker x2  
  128  16:59  Void Ray  
  128  17:00  Stalker  
  134  17:06  Protoss Ground Armor Level 2 (Chrono Boost)  
  134  17:18  Stalker x2  
  134  17:20  Stalker x2  
  134  17:21  Stalker  
  144  17:24  Stalker  
  144  17:25  Protoss Air Armor Level 2  
  146  17:37  Pylon  
  146  17:40  Pylon  
  146  17:42  Void Ray  
  146  17:43  Pylon  
  150  17:47  Pylon, Stalker  
  150  17:50  Stalker x2  
  150  17:51  Stalker  
  158  18:03  Stalker  
  158  18:05  Stalker  
  162  18:13  Stalker  
  164  18:25  Void Ray  
  162  19:04  Protoss Ground Weapons Level 2 (Chrono Boost)  
  162  19:08  Void Ray  
  166  19:51  Void Ray  
  170  20:33  Void Ray  
Show
View Real Time Build Order
Export as new Build Order

xXkazperXx Terran - Winner!

Build Orders: Mech 

Get SALT Encoding   

  12  0:02  SCV  
  13  0:18  SCV, Supply Depot  
  14  0:33  SCV  
  15  0:45  SCV  
  15  0:48  Barracks  
  16  1:02  Refinery x2  
  16  1:03  SCV  
  17  1:15  SCV  
  18  1:27  SCV  
  19  1:35  Supply Depot  
  19  1:39  SCV  
  20  1:41  Barracks Tech Lab  
  20  1:52  SCV  
  21  2:02  Marine  
  21  2:04  SCV  
  23  2:16  SCV, Command Center  
  23  2:20  Marine  
  25  2:38  Marine  
  26  2:51  SCV  
  26  2:56  Marine  
  28  3:04  SCV  
  29  3:06  Supply Depot  
  29  3:14  Marine  
  29  3:15  Stimpack  
  29  3:16  SCV  
  31  3:28  SCV  
  31  3:29  Supply Depot  
  34  3:34  Marauder  
  34  3:40  SCV  
  35  3:43  Factory  
  35  3:52  Supply Depot  
  35  3:55  Marauder, SCV  
  38  4:07  SCV  
  39  4:14  Supply Depot  
  41  4:17  Marauder  
  41  4:19  SCV  
  42  4:31  SCV  
  42  4:32  Factory Tech Lab, Starport  
  42  4:36  Supply Depot  
  45  4:38  Marauder  
  45  4:44  SCV  
  46  4:55  Siege Tank  
  46  4:59  Marauder  
  51  5:09  SCV  
  51  5:13  Refinery  
  52  5:14  Refinery  
  52  5:21  Marauder, SCV  
  55  5:27  Siege Tank  
  58  5:33  SCV  
  59  5:37  Medivac  
  59  5:42  Marauder  
  63  5:45  SCV  
  63  5:57  SCV  
  63  6:04  Marauder  
  66  6:07  Medivac  
  68  6:30  Barracks  
  68  6:37  Medivac  
  70  6:41  Factory  
  70  6:58  Marine  
  71  7:04  Hellion  
  71  7:07  Medivac  
  75  7:16  Marine  
  75  7:17  Barracks  
  75  7:24  Factory  
  75  7:25  Hellion  
  77  7:34  Marine  
  78  7:37  Viking  
  80  7:52  Marine  
  81  8:03  Siege Tank  
  84  8:07  Viking, Barracks, Barracks Reactor  
  84  8:08  Barracks Reactor  
  84  8:12  Barracks  
  86  8:16  Factory Tech Lab x2  
  86  8:25  Supply Depot  
  86  8:46  Viking, Marine, Siege Tank  
  86  8:47  Supply Depot  
  92  9:01  Barracks  
  92  9:10  Supply Depot  
  92  9:16  Viking  
  94  9:30  Command Center  
  94  9:32  Supply Depot  
  94  9:33  Siege Tank  
  94  9:36  Marauder  
  94  9:37  Barracks Reactor  
  99  9:52  Armory  
  99  9:55  Barracks Tech Lab  
  99  9:56  Barracks Tech Lab  
  99  9:57  Marauder  
  101  10:05  Siege Tank  
  104  10:19  Marauder  
  106  10:40  Marauder  
  108  10:54  SCV  
  111  11:06  SCV  
  112  11:18  SCV  
  112  11:23  Marauder  
  109  11:31  SCV  
  106  11:43  SCV  
  103  13:08  Marauder  
  103  13:12  Marauder  
  109  13:15  Siege Tank x2  
  115  13:22  Marine x2  
  115  13:23  Marine x4  
  121  13:30  Marauder  
  121  13:33  Marauder x2  
  125  13:40  Marine x4  
  125  13:41  Marine x2  
  131  13:51  Marauder  
  133  14:20  Supply Depot  
  133  14:41  SCV, Marine x5  
  133  14:42  Marauder, Supply Depot  
  141  15:03  Marine x2  
  141  15:04  Marauder, SCV, Siege Tank  
  141  15:05  Supply Depot  
  149  15:26  Marine x2  
  149  15:27  Marauder x2, Marine, Siege Tank  
  149  15:28  Supply Depot, Marine  
  157  15:31  Marauder  
  157  15:33  Command Center  
  156  15:44  Marine  
  156  15:49  Siege Tank  
  164  15:50  Concussive Shells, Marauder x2, Supply Depot  
  164  15:51  SCV  
  164  15:53  Starport Tech Lab  
  164  16:03  SCV  
  165  16:12  Marauder x2, Supply Depot, Siege Tank  
  165  16:15  SCV  
  165  16:16  Starport  
  173  16:34  Viking  
  173  16:35  Supply Depot  
  175  16:50  Orbital Command  
  175  16:54  Orbital Command, Starport  
  175  16:56  Orbital Command  
  175  16:58  Supply Depot  
  175  17:00  Orbital Command  
  175  17:04  Viking  
  177  17:17  SCV  
  177  17:20  Supply Depot  
  178  17:29  SCV  
  179  17:34  Viking  
  181  17:38  Starport Reactor  
  181  17:39  Starport Reactor  
  181  17:41  SCV  
  182  17:51  Refinery  
  182  17:53  SCV  
  182  17:57  Refinery  
  183  18:02  Refinery  
  183  18:04  Viking, Refinery  
  183  18:05  SCV  
  172  18:34  Viking  
Show
View Real Time Build Order
Export as new Build Order

RANURA DE IA (Media) Zerg 

Build Orders: Pool First 

Get SALT Encoding   

  12  0:01  Drone  
  13  0:12  Overlord  
  13  0:17  Drone  
  14  0:30  Drone  
  14  0:33  Drone  
  16  0:43  Spawning Pool  
  16  0:45  Drone  
  16  0:49  Drone  
  17  0:52  Extractor  
  17  0:55  Drone  
  17  1:06  Overlord  
  17  1:30  Queen  
  17  1:31  Zergling x2  
  20  1:37  Roach Warren  
  20  1:38  Drone  
  20  1:39  Extractor  
  19  1:41  Zergling x2  
  20  1:49  Drone  
  21  2:00  Drone  
  22  2:10  Overlord  
  22  2:21  Roach  
  24  2:32  Roach  
  24  2:37  Overlord  
  26  2:42  Roach  
  28  2:47  Drone  
  28  2:50  Drone  
  30  2:55  Roach  
  32  3:05  Drone  
  33  3:06  Baneling Nest  
  33  3:09  Roach, Drone  
  33  3:11  Drone  
  36  3:17  Drone  
  37  3:27  Evolution Chamber  
  37  3:28  Roach  
  38  3:38  Drone  
  38  3:40  Overlord  
  40  3:41  Drone  
  40  5:13  Zergling x2, Overlord, Lair, Drone  
  42  5:16  Spore Crawler, Drone  
  42  5:18  Spore Crawler  
  42  5:19  Drone  
  42  5:21  Baneling  
  42  5:22  Hatchery, Drone  
  42  5:29  Zergling x2  
  43  5:37  Zergling x2  
  44  5:45  Zergling x2  
  44  5:48  Overlord  
  45  5:53  Zergling x2, Baneling  
  38  6:01  Zergling x2  
  38  6:02  Spine Crawler  
  38  6:03  Drone  
  33  6:09  Zergling x2  
  34  6:11  Overseer, Spine Crawler  
  34  6:12  Overseer  
  34  6:13  Drone  
  34  6:14  Spire  
  34  6:17  Drone  
  34  6:26  Queen  
  36  6:36  Hydralisk Den, Drone  
  36  6:39  Drone  
  37  6:42  Drone  
  37  6:45  Drone  
  39  6:47  Drone  
  39  6:50  Drone  
  39  6:53  Drone  
  42  6:56  Drone  
  42  6:59  Drone  
  44  7:02  Drone  
  44  7:05  Drone  
  44  7:07  Drone  
  47  7:10  Drone  
  48  7:16  Drone  
  48  7:19  Drone  
  48  7:21  Spore Crawler  
  48  7:22  Drone  
  50  7:25  Mutalisk, Drone  
  50  7:28  Drone  
  54  7:31  Drone  
  54  7:33  Spore Crawler  
  54  7:38  Drone  
  54  7:39  Mutalisk  
  54  7:40  Queen  
  59  7:46  Infestation Pit  
  59  7:48  Mutalisk  
  59  7:49  Evolution Chamber  
  59  7:51  Drone  
  59  7:54  Drone  
  59  7:56  Mutalisk  
  59  7:57  Drone  
  59  7:58  Spine Crawler  
  63  8:00  Drone, Spine Crawler  
  63  8:04  Mutalisk, Drone  
  66  8:35  Extractor, Drone  
  66  8:40  Extractor  
  65  9:03  Drone  
  65  9:06  Drone  
  67  9:47  Pneumatized Carapace  
  67  9:48  Corruptor  
  67  9:49  Overlord, Overseer  
  67  9:50  Zerg Flyer Weapons Level 1  
  69  9:59  Mutalisk  
  71  10:05  Hatchery  
  70  10:08  Overlord  
  70  10:10  Mutalisk  
  59  10:21  Mutalisk  
  57  10:31  Mutalisk  
  57  10:32  Hive  
  59  10:35  Overseer  
  59  10:42  Corruptor  
  61  10:53  Mutalisk  
  63  11:04  Mutalisk  
  65  11:14  Mutalisk  
  65  11:18  Queen, Drone  
  70  11:20  Drone  
  70  11:23  Drone  
  72  11:25  Mutalisk  
  72  11:26  Drone  
  72  11:29  Drone  
  72  11:32  Drone  
  77  11:34  Overlord  
  77  11:35  Drone  
  77  11:36  Mutalisk, Extractor  
  77  11:38  Drone  
  77  11:39  Spore Crawler  
  73  11:41  Drone  
  73  11:43  Spore Crawler  
  73  11:44  Zerg Flyer Armor Level 1, Drone  
  73  11:45  Extractor  
  63  11:47  Mutalisk, Drone  
  63  11:48  Ultralisk Cavern  
  63  11:50  Drone  
  63  11:53  Drone  
  67  11:56  Drone  
  67  11:58  Mutalisk  
  67  11:59  Drone  
  69  12:01  Overlord  
  69  12:02  Drone  
  69  12:08  Drone, Spine Crawler  
  70  12:09  Mutalisk  
  70  12:10  Spine Crawler  
  70  12:12  Drone  
  72  12:20  Mutalisk  
  74  12:31  Mutalisk  
  76  12:37  Queen  
  76  12:41  Corruptor  
  78  12:49  Overlord, Hydralisk  
  78  12:52  Drone  
  78  12:54  Overseer  
  78  12:55  Drone  
  78  12:56  Zergling x2  
  78  12:58  Drone  
  76  13:04  Roach  
  66  13:07  Overlord, Drone  
  66  13:10  Drone  
  66  13:18  Zergling x2  
  63  13:25  Roach  
  63  13:26  Overlord, Drone  
  66  13:29  Drone  
  66  13:30  Overseer  
  66  13:32  Hydralisk  
  69  13:40  Zergling x2  
  64  13:44  Overlord  
  64  13:49  Mutalisk  
  66  13:59  Mutalisk, Hatchery  
  66  14:00  Greater Spire  
  66  14:02  Overlord  
  67  14:09  Mutalisk  
  69  14:20  Mutalisk, Overlord  
  71  14:27  Hatchery  
  71  14:30  Mutalisk  
  71  14:31  Overseer  
  72  14:40  Mutalisk, Overlord  
  74  14:50  Mutalisk, Overseer  
  74  14:52  Overseer  
  76  14:58  Overlord  
  76  15:01  Ultralisk  
  82  15:12  Ultralisk  
  88  15:18  Overlord  
  88  15:22  Ultralisk  
  94  15:31  Hydralisk  
  96  15:36  Overlord  
  96  15:42  Ultralisk  
  102  15:53  Ultralisk  
  102  15:54  Extractor  
  102  15:55  Overlord  
  102  15:56  Extractor  
  106  16:11  Drone  
  107  16:14  Drone  
  107  16:17  Drone  
  109  16:20  Drone  
  109  16:23  Drone  
  109  16:24  Overlord, Ultralisk  
  117  16:34  Hydralisk  
  117  16:36  Drone  
  120  16:41  Drone  
  120  16:44  Hydralisk  
  120  16:47  Overlord  
  123  17:06  Drone  
  123  17:08  Hatchery  
  123  17:10  Drone  
  123  17:13  Drone  
  125  17:16  Drone  
  125  17:21  Zerg Melee Weapons Level 1  
  126  17:29  Zerg Ground Armor Level 1  
  126  17:50  Muscular Augments  
  126  17:52  Zergling x2, Overlord  
  126  17:54  Zergling x2  
  126  17:56  Zergling x2  
  129  17:59  Zergling x2  
  129  18:03  Zergling x2  
  131  18:07  Zergling x2  
  131  18:09  Zergling x2  
  131  18:12  Baneling  
  133  18:13  Zergling x2, Baneling  
  133  18:16  Zergling x2  
  133  18:18  Zergling x2  
  96  18:20  Mutalisk  
  96  18:23  Baneling  
  96  18:25  Mutalisk  
  76  18:31  Mutalisk  
  78  18:37  Zergling x2  
  78  18:39  Zergling x2  
  80  18:42  Zergling x2  
  80  18:43  Mutalisk  
  83  18:50  Zergling x2, Extractor  
  83  18:52  Zergling x2  
  83  18:55  Zergling x2, Extractor  
  77  18:57  Zergling x2, Overseer  
  77  19:00  Baneling  
  77  19:01  Overseer  
  75  19:03  Zergling x2  
  75  19:05  Zergling x2  
  75  19:07  Zergling x2  
  73  19:10  Zergling x2  
  73  19:13  Zergling x2  
  73  19:16  Zergling x2  
  65  19:19  Zergling x2  
  65  19:21  Zergling x2  
  65  19:23  Mutalisk  
  68  19:26  Zergling x2  
  68  19:29  Drone  
  68  19:30  Baneling x2  
  68  19:31  Baneling x2  
  61  19:32  Baneling  
  61  19:33  Hydralisk  
  61  19:39  Zergling x2  
  61  19:41  Mutalisk  
  61  19:44  Zergling x2  
  63  19:47  Zergling x2, Overseer  
  63  19:49  Zergling x2  
  63  19:51  Zergling x2  
  65  19:53  Zergling x2  
  65  19:55  Zergling x2  
  65  19:59  Baneling  
  57  20:02  Mutalisk  
  57  20:05  Zergling x2, Overlord  
  57  20:07  Zergling x2  
  57  20:08  Overseer  
  47  20:22  Overlord x2  
  24  20:44  Overlord  
  24  20:48  Spawning Pool  
  18  20:58  Spawning Pool  
Show
View Real Time Build Order
Export as new Build Order

RANURA DE IA (Media) Zerg 

Build Orders: Pool First 

Get SALT Encoding   

  12  0:01  Drone  
  13  0:12  Overlord  
  13  0:17  Drone  
  14  0:30  Drone  
  14  0:33  Drone  
  16  0:42  Spawning Pool  
  15  0:45  Drone  
  15  0:49  Drone  
  17  0:52  Extractor  
  17  0:55  Drone  
  17  1:06  Overlord  
  17  1:30  Queen  
  17  1:31  Zergling x2  
  20  1:36  Roach Warren  
  20  1:38  Drone  
  20  1:41  Extractor, Drone  
  20  1:49  Zergling x2  
  21  1:59  Drone  
  22  2:10  Overlord  
  22  2:21  Roach  
  24  2:35  Overlord  
  24  2:37  Lair  
  24  2:38  Roach  
  26  2:54  Roach  
  28  3:10  Roach  
  30  3:16  Drone  
  31  3:21  Drone  
  32  3:27  Roach  
  34  3:37  Overlord  
  34  3:39  Hydralisk Den  
  33  3:42  Drone  
  33  3:46  Drone  
  35  3:50  Drone  
  35  3:54  Drone  
  37  3:58  Drone  
  38  4:06  Baneling Nest  
  38  4:08  Hydralisk  
  39  4:10  Drone  
  40  4:18  Evolution Chamber, Drone  
  40  4:24  Hydralisk  
  42  4:40  Hydralisk  
  44  6:43  Overlord, Baneling  
  44  6:44  Overseer x2, Drone  
  44  6:46  Spire  
  44  6:47  Spore Crawler  
  44  6:48  Drone  
  44  6:50  Spore Crawler, Drone  
  44  6:51  Infestation Pit  
  44  6:53  Zergling x2, Drone  
  45  6:55  Evolution Chamber  
  45  6:56  Drone  
  45  7:01  Hatchery, Drone  
  45  7:03  Zergling x2, Overlord, Queen  
  45  7:04  Drone  
  49  7:13  Zergling x2  
  49  7:14  Spine Crawler  
  49  7:16  Spine Crawler  
  36  7:24  Zergling x2  
  31  7:34  Zergling x2, Baneling  
  32  7:58  Mutalisk  
  34  8:08  Mutalisk  
  36  8:14  Queen, Drone  
  36  8:17  Drone  
  36  8:18  Mutalisk  
  42  8:20  Extractor, Drone  
  42  8:23  Drone  
  42  8:26  Drone  
  44  8:28  Mutalisk  
  44  8:29  Drone  
  44  8:30  Spore Crawler  
  44  8:32  Drone  
  44  8:33  Spore Crawler  
  46  8:35  Drone  
  46  8:37  Drone  
  46  8:38  Mutalisk  
  46  8:40  Drone  
  51  8:43  Drone  
  53  8:48  Drone  
  53  8:49  Mutalisk  
  53  8:52  Drone  
  53  8:55  Drone  
  57  8:58  Spine Crawler, Drone  
  57  9:00  Drone  
  57  9:01  Spine Crawler  
  57  9:03  Drone  
  58  9:10  Drone  
  58  9:13  Drone  
  60  9:21  Drone  
  60  9:23  Drone  
  62  9:26  Drone  
  62  9:29  Drone  
  64  10:16  Extractor  
  63  10:38  Drone  
  63  10:41  Drone  
  65  10:44  Drone  
  66  11:23  Zergling x2  
  66  11:24  Pneumatized Carapace, Overlord  
  60  11:26  Overseer  
  60  11:27  Zerg Melee Weapons Level 1  
  60  11:28  Zerg Ground Armor Level 1  
  60  11:30  Roach  
  60  11:35  Hydralisk  
  60  11:38  Overseer  
  58  11:43  Roach, Overlord  
  56  11:49  Roach  
  56  11:53  Drone  
  47  11:55  Infestor  
  47  11:56  Drone  
  47  11:59  Drone  
  44  12:02  Hydralisk, Drone  
  44  12:05  Drone  
  44  12:07  Burrow  
  48  12:10  Mutalisk, Hatchery  
  48  12:12  Drone  
  48  12:15  Drone  
  51  12:16  Infestor  
  53  12:23  Hydralisk  
  53  12:27  Overseer  
  55  12:30  Baneling x2  
  55  12:32  Roach  
  55  12:33  Muscular Augments  
  56  12:40  Hydralisk  
  56  12:43  Overlord  
  58  12:48  Roach  
  60  12:55  Roach  
  62  13:00  Hatchery  
  62  13:02  Zergling x2  
  59  13:08  Hydralisk  
  47  13:14  Hydralisk  
  47  13:15  Extractor  
  47  13:19  Hive, Overlord  
  44  13:22  Zerg Missile Weapons Level 1  
  44  13:23  Roach  
  42  13:34  Drone x2  
  42  13:36  Zergling x2  
  42  13:38  Drone x2  
  38  13:42  Roach, Drone  
  38  13:45  Drone  
  34  13:48  Infestor  
  31  14:07  Drone  
  31  14:34  Drone  
  31  14:35  Hatchery  
  31  14:40  Drone  
  31  14:44  Drone  
  33  14:48  Drone  
  35  14:52  Drone  
  35  14:56  Drone  
  36  15:01  Zergling x2  
  36  15:05  Zergling x2  
  38  15:12  Overlord  
  38  15:20  Baneling  
  38  15:22  Mutalisk  
  38  15:27  Zergling x2  
  40  15:32  Mutalisk  
  32  15:35  Drone  
  32  15:39  Drone  
  34  15:44  Overlord  
  34  16:02  Drone  
  34  16:03  Zergling x2, Overlord  
  36  16:04  Overseer  
  36  16:07  Zergling x2  
  36  16:10  Zergling x2  
  38  16:12  Baneling  
  38  16:13  Zergling x2  
  38  16:15  Baneling  
  38  16:18  Mutalisk  
  39  16:23  Mutalisk  
  43  16:29  Zergling x2  
  44  16:34  Overlord  
  44  16:38  Zergling x2  
  45  16:40  Zergling x2  
  45  16:42  Zergling x2  
  45  16:45  Zergling x2  
  48  16:47  Zergling x2  
  48  16:50  Zergling x2, Baneling  
  50  17:01  Extractor, Drone  
  49  17:03  Extractor  
  49  17:04  Overseer, Drone  
  50  17:11  Extractor, Drone  
  50  17:14  Extractor  
  49  17:16  Drone  
  50  17:28  Overlord  
  50  17:43  Overseer  
  50  17:47  Drone  
  50  17:48  Overlord, Baneling  
  50  17:50  Drone  
  52  17:52  Drone  
  52  17:53  Zergling x2, Baneling  
  52  17:55  Drone  
  55  17:58  Drone  
  56  18:11  Mutalisk  
  58  18:22  Mutalisk, Overlord  
  52  18:27  Roach  
  52  18:32  Drone  
  52  18:33  Roach  
  40  18:38  Zergling x2  
  39  18:42  Overlord  
  27  18:56  Zergling x2  
  26  19:04  Roach  
  15  19:12  Drone  
  15  19:18  Drone  
  15  19:23  Hatchery  
  15  19:27  Drone  
  15  19:30  Drone  
  13  19:44  Overlord  
  11  19:46  Drone  
  11  19:49  Drone  
  12  19:56  Drone  
  12  20:03  Drone  
  13  20:08  Drone  
  14  20:16  Drone  
  15  20:27  Drone  
  16  20:35  Overlord  
  16  20:41  Drone  
  17  21:13  Overlord, Drone  
  17  21:16  Drone  
  19  21:24  Drone  
  20  21:31  Hatchery  
  19  21:33  Spawning Pool  
  19  21:34  Drone  
  19  21:42  Evolution Chamber  
  19  21:44  Evolution Chamber  
  19  21:45  Drone  
Tags
 
Add a new tag
Caveats
  • Supply blocks, unpowered buildings, or Contaminate may cause inaccurate times.
  • Supply counts are checked every 10 seconds.